 Dungeon Crawl Stone Soup version 0.22.1 (webtiles) character file.

1054 MalarOregon the Chopper (level 8, -12/70 HPs)
             Began as a Hill Orc Fighter on Sept 18, 2018.
             Mangled by an ogre
             ... wielding a +0 giant spiked club
              (17 damage)
             ... on level 5 of the Dungeon.
             The game lasted 00:06:43 (4422 turns).

MalarOregon the Chopper (Hill Orc Fighter)          Turns: 4422, Time: 00:06:44

Health: -12/70     AC:  9    Str: 19    XL:     8   Next: 26%
Magic:  10/10      EV:  6    Int: 10    God:
Gold:   233        SH: 10    Dex: 10    Spells: 7/7 levels left

rFire    . . .     SeeInvis .   g - +2 hand axe (flame)
rCold    . . .     Gourm    .   c - +1 shield
rNeg     . . .     Faith    .   t - +0 chain mail
rPois    .         Spirit   .   (no helmet)
rElec    .         Reflect  .   (no cloak)
rCorr    .         Harm     .   (no gloves)
MR       .....                  (no boots)
Stlth    ..........             (no amulet)
HPRegen  0.21/turn              (no ring)
MPRegen  0.12/turn              (no ring)

@: no status effects
A: no striking features
a: no special abilities


You were on level 5 of the Dungeon.
You were not hungry.

You visited 1 branch of the dungeon, and saw 5 of its levels.

You collected 233 gold pieces.

Inventory:

Hand Weapons
 g - a +2 hand axe of flaming (weapon)
   (You found it on level 1 of the Dungeon)
 v - the +3 shortbow of Pain and Death {flame, rC+ Str+5 Dex+4, unknown}
   (You found it on level 5 of the Dungeon)

   It causes projectiles fired from it to burn those they strike, causing extra
   injury to most foes and up to half again as much damage against particularly
   susceptible opponents.
   It affects your strength (+5).
   It affects your dexterity (+4).
   It protects you from cold.
Armour
 b - the +4 robe of Augmentation {Str+4 Int+4 Dex+4}
   (You took it off an orc on level 5 of the Dungeon)

   It affects your strength (+4).
   It affects your intelligence (+4).
   It affects your dexterity (+4).
 c - a +1 shield (worn)
 t - a +0 chain mail (worn)
   (You found it on level 4 of the Dungeon)
Jewellery
 w - an uncursed amulet of magic regeneration {unknown}
   (You found it on level 5 of the Dungeon)
Wands
 u - a wand of paralysis (10)
   (You found it on level 2 of the Dungeon)
 y - a wand of scattershot (8)
   (You took it off Ijyb on level 5 of the Dungeon)
Scrolls
 a - a scroll of noise {!r}
 f - 10 scrolls of identify {@r1}
 h - 3 scrolls of teleportation {@r4}
 i - 4 scrolls of magic mapping
 j - 4 scrolls of remove curse {@r2}
 k - a scroll of enchant armour
 l - a scroll of random uselessness {unknown}
 n - a scroll of enchant weapon {unknown}
 p - a scroll of fog
 r - a scroll of amnesia {unknown}
Potions
 m - 2 potions of brilliance
 o - 2 potions of curing {@q1}
 q - 2 potions of lignification {unknown}
 s - a potion of degeneration {unknown}
 x - a potion of cancellation {unknown}
 A - a potion of flight {unknown}
Comestibles
 e - 7 rations {!d}
 z - 8 chunks of flesh


   Skills:
 + Level 5.6 Fighting
 * Level 7.3 Axes
 + Level 5.1 Armour
 + Level 2.2 Dodging
 + Level 5.2 Shields
 + Level 2.9 Evocations


You had 7 spell levels left.
You didn't know any spells.
Your spell library contained the following spells:

 Spells                   Type           Power        Failure   Level  Hunger
 Animate Skeleton         Necr           N/A          100%        1    ##.....
 Apportation              Tloc           #.....       100%        1    ##.....
 Confusing Touch          Hex            #.....       100%        1    ##.....
 Summon Small Mammal      Summ           #...         100%        1    ##.....


Dungeon Overview and Level Annotations

Branches:
Dungeon (5/15)
 Temple: D:4-7

Altars:
Cheibriados
Elyvilon
Gozag
Nemelex Xobeh
Okawaru
Xom


Message History

You feel sick.
You feel sick.
You feel very mighty all of a sudden.
You feel sick. You block the orc's attack.
You slash the orc! You burn the orc.
You kill the orc!
You slash Grinder! You burn Grinder.
You feel sick. Grinder hits you.
* * * LOW HITPOINT WARNING * * *
You writhe in agony.
* * * LOW HITPOINT WARNING * * *
You slice Grinder!! You burn Grinder.
You feel sick. Grinder gestures at you.
You suddenly lose the ability to move!
Grinder hits you but does no damage.
You feel sick. Grinder hits you but does no damage. Grinder gestures at you.
You struggle to resist.
You feel sick.
The leopard gecko skeleton bites you but does no damage.
Grinder gestures at you. Pain shoots through your body!
* * * LOW HITPOINT WARNING * * *
The leopard gecko skeleton bites you.
* * * LOW HITPOINT WARNING * * *
Grinder hits you but does no damage.
You can move again.
Unknown command.
Unknown command.
You slash Grinder! You burn Grinder.
You kill Grinder!
Your Axes skill increases to level 7!
Your Armour skill increases to level 5!
You hit the leopard gecko skeleton. You burn the leopard gecko skeleton.
You destroy the leopard gecko skeleton!
Unknown command.
You feel sick.
Found a stone staircase leading up.
You see here a scroll labeled JILLAWKASIE.
You feel sick.
There is a stone staircase leading up here.
You feel sick.
You feel sick.
You see here a scroll labeled JILLAWKASIE.
You feel sick.
You are no longer poisoned.
There is a stone staircase leading up here.
You see here a scroll labeled JILLAWKASIE.
You feel a little less mighty now.
The ogre hits you with a giant spiked club!
You die...

.. ..# #. #.# #.# ###^### .
..## ##≈≈._.## #.## ..#
##.≈.....## #.#..
#.######≈.._♣≈..≈### #....#
#.......≈...____.÷.#
#..###...####....≈.__.#..
#.##.....#@#####.♣...≈_####
#......###O...####.≈.^###
####.#.###.##.# ###.###.#
#.#...?.# # #.##..#
#)###.### # #.....# #O# #.#
#. ####..# #5# #.# # #.
#..# #.# #)# #.##.### #.##
#.###.####......###.#


You could see an ogre.

Vanquished Creatures
  Grinder (D:5)
  The ghost of Merlin the Slasher, an amateur DrBe of Trog (D:4)
  Menkaure (D:5)
  A necrophage (D:5)
  An ogre (D:5)
  A centaur (D:5)
  A crimson imp (D:5)
  A bullfrog zombie (D:5)
  A hound (D:5)
  An iguana (D:5)
  Ijyb (D:5)
  2 orc wizards
  A howler monkey zombie (D:5)
  5 adders
  A shadow imp (D:5)
  2 oozes
  2 worms
  A dart slug (D:3)
  A leopard gecko (D:5)
  5 orcs
  8 bats
  4 giant cockroaches
  9 goblins
  7 hobgoblins
  4 jackals (D:1)
  7 kobolds
  2 quokkas
  A ball python (D:5)
  A ball python skeleton (D:4)
  4 frilled lizards (D:1)
  A leopard gecko skeleton (D:5)
  8 rats
87 creatures vanquished.

Notes
Turn   | Place    | Note
-------+----------+-------------------------------------------
     0 | D:1      | MalarOregon the Hill Orc Fighter began the quest for the
                  | Orb.
     0 | D:1      | Reached XP level 1. HP: 19/19 MP: 1/1
    94 | D:1      | Reached skill level 3 in Axes
   186 | D:1      | Reached XP level 2. HP: 16/27 MP: 2/2
   596 | D:1      | Reached XP level 3. HP: 28/33 MP: 3/3
   864 | D:2      | Found a sparkling altar of Nemelex Xobeh.
  1148 | D:2      | Found a snail-covered altar of Cheibriados.
  1188 | D:2      | Found an iron altar of Okawaru.
  1191 | D:2      | Reached skill level 4 in Axes
  1463 | D:2      | Reached XP level 4. HP: 40/40 MP: 4/4
  1606 | D:3      | Found an opulent altar of Gozag.
  2583 | D:4      | Reached XP level 5. HP: 42/47 MP: 5/5
  2708 | D:4      | Found a runed door.
  2708 | D:4      | Noticed Merlin's ghost (amateur DrBe)
  2970 | D:4      | Found an opulent altar of Gozag.
  3048 | D:4      | Killed Merlin's ghost
  3048 | D:4      | Reached skill level 5 in Axes
  3048 | D:4      | Reached skill level 1 in Evocations
  3048 | D:4      | Reached XP level 6. HP: 3/53 MP: 6/6
  3128 | D:5      | Entered Level 5 of the Dungeon
  3373 | D:5      | Reached skill level 1 in Dodging
  3423 | D:5      | Noticed a necrophage
  3437 | D:5      | Killed a necrophage
  3463 | D:5      | Noticed Menkaure
  3482 | D:5      | HP: 2/55 [Menkaure/nerve-wracking pain (6)]
  3489 | D:5      | Killed Menkaure
  3489 | D:5      | Reached skill level 5 in Fighting
  3489 | D:5      | Reached skill level 6 in Axes
  3489 | D:5      | Reached XP level 7. HP: 2/61 MP: 8/8
  3855 | D:5      | Got a steaming shortbow
  3860 | D:5      | Found a white marble altar of Elyvilon.
  3862 | D:5      | Noticed Grinder
  4230 | D:5      | Found a shimmering altar of Xom.
  4231 | D:5      | Found a shimmering altar of Xom.
  4232 | D:5      | Found a shimmering altar of Xom.
  4232 | D:5      | Found a shimmering altar of Xom.
  4233 | D:5      | Found a shimmering altar of Xom.
  4234 | D:5      | Found a shimmering altar of Xom.
  4240 | D:5      | Found a shimmering altar of Xom.
  4240 | D:5      | Found a shimmering altar of Xom.
  4240 | D:5      | Found a shimmering altar of Xom.
  4301 | D:5      | Noticed Ijyb
  4310 | D:5      | Killed Ijyb
  4310 | D:5      | Reached skill level 5 in Shields
  4367 | D:5      | Reached XP level 8. HP: 50/69 MP: 9/9
  4388 | D:5      | Paralysed by Grinder for 6 turns
  4394 | D:5      | Killed Grinder
  4394 | D:5      | Reached skill level 7 in Axes
  4394 | D:5      | Reached skill level 5 in Armour
  4395 | D:5      | HP: 3/70 [poisoned by an orc wizard]
  4402 | D:5      | HP: 2/70 [poisoned by an orc wizard]
  4410 | D:5      | HP: 2/70 [poisoned by an orc wizard]
  4422 | D:5      | Mangled by an ogre

Skill      XL: |  1  2  3  4  5  6  7  8 |
---------------+-------------------------+-----
Axes           | 3 4 5 6 7 |  7.3
Fighting       | 4 5 |  5.6
Armour         | 4 5 |  5.1
Shields        | 4 5 |  5.2
Evocations     | 1 2 |  2.9
Dodging        | 1 2 |  2.2

Action                   |  1- 3 |  4- 6 |  7- 9 || total
-------------------------+-------+-------+-------++-------
Melee: War axe           |    87 |       |       ||    87
       Hand axe          |    30 |   118 |    81 ||   229
  Use: Scroll            |       |     8 |       ||     8
       Potion            |       |     1 |     1 ||     2
  Eat: Chunk             |     2 |     3 |     3 ||     8
       Ration            |       |     1 |       ||     1
Armor: Scale mail        |    55 |    21 |       ||    76
       Chain mail        |       |     9 |    27 ||    36
Dodge: Dodged            |    41 |    19 |    15 ||    75
Block: Shield            |    58 |    55 |    34 ||   147
